AoeStats
← PROJECTX

Black Forest

509478843Analyzed
4v4 RM · 6d ago on Sep 26, 2026· 45m 51s· 8 players
Game mode
Random Map
Map size
Large (8 player)
Population
200
Speed
Normal
Resources
Standard
Victory
Conquest
Starting age
Dark Age
Ending age
Imperial Age
RankedLock teamsTeams togetherTeam positionsShared explorationLock speedFull tech treeHidden civsTurbo modeCheats
Victory
Defeat
🇩🇪 Bohemians · Germany
1104
+16
🇹🇷 Teutons · Türkiye
1046
+38
🇩🇪 Lithuanians · Germany
1011
+19
🇩🇪 Khmer · Germany
1004
+20
🇲🇽 Gurjaras · Mexico
1105
-19
🇸🇰 Britons · Slovakia
1104
-19
🇺🇦 Italians · Ukraine
1092
-18
🇲🇽 Khmer · Mexico
1050
-17
PROJECTX
1:16 Loom
12:09 Feudal Age
18:37 Castle Age
17:05 Double-Bit Axe
17:02 Horse Collar
29:42 Bow Saw
32:35 Imperial Age
32:32 Forging
32:23 Scale Mail Armor
33:24 Elite Hussite Wagon
34:18 Guilds
36:59 Pikeman
41:05 Chemistry
40:45 Halberdier
41:17 Houfnice
Esso117
0:42 Loom
11:10 Feudal Age
15:07 Castle Age
13:10 Double-Bit Axe
13:07 Horse Collar
15:50 Wheelbarrow
19:55 Bow Saw
22:22 Heavy Plow
25:13 Town Watch
25:41 Forging
27:27 Hand Cart
27:08 Gold Mining
28:42 Scale Barding Armor
29:05 Caravan
32:04 Imperial Age
31:54 Bloodlines
31:44 Husbandry
32:21 Iron Casting
32:07 Chain Barding Armor
32:37 Cavalier
34:06 Crop Rotation
34:44 Two-Man Saw
34:39 Guilds
34:27 Paladin
36:37 Scale Mail Armor
36:03 Pikeman
37:43 Plate Barding Armor
38:52 Halberdier
44:31 Scale Mail Armor
NUTAS
0:30 Loom
14:54 Feudal Age
17:26 Wheelbarrow
22:57 Castle Age
20:50 Double-Bit Axe
21:23 Gold Mining
21:23 Stone Mining
21:54 Forging
21:44 Scale Mail Armor
23:03 Horse Collar
23:56 Bow Saw
25:48 Heavy Plow
26:35 Town Watch
27:18 Chain Mail Armor
33:34 Hand Cart
34:13 Ironclad
39:28 Imperial Age
43:05 Heavy Scorpion
44:23 Fletching
44:34 Padded Archer Armor
45:09 Iron Casting
Kim-Jong-Kill
10:52 Feudal Age
15:39 Castle Age
13:52 Double-Bit Axe
13:49 Horse Collar
14:33 Gold Mining
16:09 Wheelbarrow
21:02 Bow Saw
21:26 Hand Cart
21:39 Heavy Plow
25:02 Loom
28:53 Imperial Age
27:18 Bloodlines
27:35 Scale Barding Armor
27:51 Husbandry
29:21 Chain Barding Armor
29:13 Forging
30:21 Conscription
31:46 Plate Barding Armor
31:47 Iron Casting
31:54 Double Crossbow
33:20 Tusk Swords
32:45 Elite Battle Elephant
34:49 Crop Rotation
37:10 Heavy Scorpion
39:13 Ballistics
39:53 Chemistry
Evil Morty
8:34 Loom
12:20 Feudal Age
16:10 Castle Age
14:29 Stone Mining
16:06 Horse Collar
16:17 Double-Bit Axe
17:47 Bow Saw
18:41 Fletching
22:16 Wheelbarrow
22:32 Bodkin Arrow
24:50 Padded Archer Armor
25:56 Heavy Plow
27:52 Hand Cart
30:02 Gold Mining
32:18 Gold Shaft Mining
34:30 Imperial Age
32:59 Caravan
35:45 Bracer
36:01 Leather Archer Armor
35:20 Pikeman
36:00 Squires
37:08 Halberdier
38:23 Onager
Sir_Vigris
11:47 Feudal Age
17:49 Castle Age
16:11 Double-Bit Axe
16:19 Gold Mining
18:12 Wheelbarrow
19:34 Bow Saw
22:53 Horse Collar
26:27 Stone Mining
27:05 Heavy Plow
27:58 Stone Shaft Mining
29:57 Hand Cart
29:28 Loom
29:28 Town Watch
30:15 Silk Road
29:53 Fletching
30:03 Padded Archer Armor
32:42 Caravan
35:48 Imperial Age
33:19 Town Patrol
35:09 Bodkin Arrow
35:29 Leather Archer Armor
35:25 Forging
35:15 Scale Mail Armor
35:21 Scale Barding Armor
35:55 Crossbowman
36:40 Thumb Ring
35:56 Elite Skirmisher
37:05 Bracer
37:38 Ring Archer Armor
37:47 Ballistics
38:28 Chemistry
39:58 Chain Mail Armor
40:19 Iron Casting
39:50 Squires
39:10 Man-at-Arms
39:36 Arson
39:12 Pikeman
40:56 Elite Genoese Crossbowman
41:50 Pirotechnia
42:08 Conscription
Dorek xD
0:27 Loom
13:14 Feudal Age
17:40 Castle Age
16:10 Double-Bit Axe
24:57 Bow Saw
25:15 Gold Mining
26:31 Wheelbarrow
30:07 Imperial Age
28:47 Hand Cart
29:15 Horse Collar
29:46 Fletching
30:00 Heavy Plow
30:10 Caravan
31:11 Conscription
30:53 Bodkin Arrow
32:23 Gold Shaft Mining
32:25 Crop Rotation
33:05 Light Cavalry
33:57 Bloodlines
34:26 Hussar
35:09 Husbandry
37:29 Bracer
37:30 Padded Archer Armor
38:38 Pikeman
39:47 Forging
39:38 Scale Mail Armor
39:21 Halberdier
41:36 Leather Archer Armor
44:04 Onager
Tlacaelel.MX
0:30 Loom
10:42 Feudal Age
16:37 Castle Age
15:40 Double-Bit Axe
16:01 Horse Collar
16:36 Town Watch
19:52 Wheelbarrow
19:34 Bow Saw
20:05 Heavy Plow
20:26 Gold Mining
27:11 Hand Cart
29:32 Gold Shaft Mining
34:20 Imperial Age
32:05 Fletching
32:18 Padded Archer Armor
32:49 Forging
33:52 Ballistics
34:09 Stone Mining
34:38 Bodkin Arrow
34:59 Leather Archer Armor
35:03 Elite Elephant Archer
36:26 Sanctity
37:01 Bracer
38:03 Chemistry
37:52 Bloodlines
37:43 Husbandry
39:03 Kshatriyas
39:19 Conscription
38:22 Elite Skirmisher
39:07 Thumb Ring
40:08 Fervor
41:32 Frontier Guards
42:34 Hoardings
42:52 Stone Shaft Mining
42:38 Redemption
44:07 Light Cavalry
45:01 Scale Mail Armor
45:37 Iron Casting
45:08 Scale Barding Armor
45:37 Caravan
Connection lost

Rejoining the realm…

Still unreachable

The connection could not be restored.

Session expired

The server has moved on; the page needs a fresh start.